 Dungeon Crawl Stone Soup version 0.24.0-1-gfbc8707 (webtiles) character file.

Game seed: 1938359616136376866, levelgen mode: deterministic

2123 Buxparty the Chopper (level 9, -2/68 HPs)
             Began as a Mummy Gladiator on Jan 4, 2020.
             Was an Initiate of Gozag.
             Slain by a big kobold (5 damage)
             ... on level 6 of the Dungeon.
             The game lasted 00:17:56 (6949 turns).

Buxparty the Chopper (Mummy Gladiator)              Turns: 6949, Time: 00:17:56

Health: -2/68      AC: 10    Str: 20    XL:     9   Next: 8%
Magic:  9/9        EV: 13    Int:  7    God:    Gozag
Gold:   243        SH:  0    Dex: 14    Spells: 8/8 levels left

rFire    x . .     SeeInvis +   a - +1 war axe
rCold    + . .     Gourm    .   (no shield)
rNeg     + + +     Faith    .   w - +2 ring mail {rN+}
rPois    ∞         Spirit   .   v - +0 helmet {SInv}
rElec    .         Reflect  .   (no cloak)
rCorr    .         Harm     .   (no gloves)
MR       +....                  (no boots)
Stlth    +.........             (no amulet)
HPRegen  0.21/turn              m - +2 ring of protection
MPRegen  0.11/turn              (no ring)

@: no status effects
A: no food or potions, fire vulnerability, cold resistance 1, negative energy
resistance 3, torment resistance, unbreathing
a: Potion Petition, Call Merchant, Bribe Branch, Renounce Religion


You were on level 6 of the Dungeon.
You worshipped Gozag.
Gozag was aware of your devotion.
You were not hungry.

You visited 2 branches of the dungeon, and saw 8 of its levels.

You collected 340 gold pieces.
You paid 97 gold pieces to Gozag.

Inventory:

Hand Weapons
 a - a +1 war axe (weapon)
 n - a cursed -2 dagger
 s - a +0 hunting sling of flaming
Missiles
 i - 7 silver javelins (quivered)
 o - 19 poisoned darts
 x - 3 silver boomerangs
Armour
 c - a +0 helmet
 l - a +1 ring mail
 v - a +0 helmet of see invisible (worn)
 w - a +2 ring mail of positive energy (worn)
Jewellery
 g - an uncursed amulet of faith
 m - a +2 ring of protection (left hand)
 p - an uncursed ring of resist corrosion {unknown}
 u - an uncursed ring of protection from cold {unknown}
Scrolls
 b - 2 scrolls of noise {unknown}
 e - 2 scrolls of enchant weapon
 f - 6 scrolls of magic mapping
 h - a scroll of enchant armour
 j - 5 scrolls of remove curse
 k - 6 scrolls of teleportation
 q - 2 scrolls of identify
 r - 2 scrolls of fog {unknown}
 t - a scroll of random uselessness {unknown}


   Skills:
 + Level 5.5 Fighting
 * Level 6.7 Axes
 - Level 5.0 Throwing
 + Level 5.0 Dodging


You had 8 spell levels left.
You didn't know any spells.
Your spell library was empty.

Dungeon Overview and Level Annotations

Branches:
Dungeon (7/15)             Temple (1/1) D:7

Altars:
Ashenzari
Cheibriados
Dithmenos
Elyvilon
Fedhas
Gozag
Hepliaklqana
Kikubaaqudgha
Makhleb
Nemelex Xobeh
Qazlal
Ru
Sif Muna
Trog
Vehumet
Wu Jian
Xom
Yredelemnul
Zin
The Shining One

Annotations:
D:7 Menkaure


Innate Abilities, Weirdness & Mutations

You do not eat or drink.
Your flesh is vulnerable to fire.
You are immune to poison.
Your flesh is cold resistant. (rC+)
You are immune to negative energy. (rN+++)
You are immune to unholy pain and torment.
You can survive without breathing.


Message History

The big kobold is heavily wounded.
The big kobold completely misses you.
You closely miss the big kobold.
The big kobold is heavily wounded.
The big kobold closely misses you.
You closely miss the big kobold.
The big kobold is heavily wounded.
The big kobold barely misses you.
You slash the big kobold!
The big kobold is severely wounded.
The big kobold closely misses you.
You barely miss the big kobold.
The big kobold is severely wounded.
The big kobold completely misses you. The big kobold hits you.
* * * LOW HITPOINT WARNING * * *
You barely miss the big kobold.
The big kobold is severely wounded.
The big kobold hits you.
You die...
Your body crumbles into a pile of gold.

.....##........# ##..............
#....##........###...............
#....#.......<.................##
#...........#.......#.#.........#
###.........#.##...##...........#
##................#............
##.....(......................
#..........K..#..............
##..##..#...@.##.........#...
######.#....##....<..######.
#......#####...#..## ##..
##...#.# ##.##...# #... #######
#####.## ###. ### #. ##


You could see a big kobold.

Vanquished Creatures
  Sigmund (D:2)
  A water moccasin (D:6)
  An ice beast (D:6)
  2 orc warriors
  A phantom (D:6)
  A sky beast (D:2)
  2 ogres
  3 centaurs
  A bullfrog (D:7)
  A scorpion (D:5)
  5 killer bees
  An orc priest (D:6)
  Crazy Yiuf (D:5)
  2 hounds (D:4)
  A jelly (D:5)
  A centaur skeleton (D:4)
  An iguana (D:5)
  Terence (D:2)
  5 orc wizards
  5 worker ants
  A hound skeleton (D:5)
  A worker ant zombie (D:5)
  6 adders
  A howler monkey skeleton (D:4)
  An ooze (D:4)
  A worm (D:2)
  4 leopard geckos
  29 orcs
  3 ball pythons
  7 bats
  6 giant cockroaches
  6 goblins
  4 hobgoblins
  2 quokkas (D:2)
  7 frilled lizards
  7 kobolds
  A leopard gecko skeleton (D:5)
  A quokka skeleton (D:4)
  7 rats
132 creatures vanquished.

Notes
Turn   | Place    | Note
-------+----------+-------------------------------------------
     0 | D:1      | Buxparty the Mummy Gladiator began the quest for the Orb.
     0 | D:1      | Reached XP level 1. HP: 16/16 MP: 1/1
   428 | D:1      | Reached XP level 2. HP: 22/22 MP: 2/2
   990 | D:2      | Reached XP level 3. HP: 25/27 MP: 3/3
  1053 | D:2      | Noticed Terence
  1289 | D:2      | Killed Terence
  1289 | D:2      | Reached skill level 3 in Axes
  1339 | D:2      | Noticed Sigmund
  1481 | D:3      | Reached XP level 4. HP: 25/34 MP: 4/4
  1814 | D:2      | Killed Sigmund
  1814 | D:2      | Reached XP level 5. HP: 32/40 MP: 5/5
  1910 | D:2      | Noticed a sky beast
  1926 | D:2      | Killed a sky beast
  1926 | D:2      | Reached XP level 6. HP: 29/47 MP: 6/6
  2051 | D:2      | Found a faded altar of an unknown god.
  2635 | D:3      | Reached skill level 4 in Axes
  2780 | D:4      | Found a burning altar of Makhleb.
  2784 | D:4      | Found a shadowy altar of Dithmenos.
  2789 | D:4      | Found a glowing golden altar of the Shining One.
  3017 | D:4      | Reached XP level 7. HP: 3/52 MP: 7/7
  3867 | D:5      | Entered Level 5 of the Dungeon
  4346 | D:5      | Found a runed translucent door.
  4347 | D:5      | Noticed Crazy Yiuf
  4356 | D:5      | Killed Crazy Yiuf
  4541 | D:5      | Reached skill level 5 in Axes
  4650 | D:5      | Reached XP level 8. HP: 49/60 MP: 8/8
  5397 | D:6      | Reached skill level 5 in Throwing
  5801 | D:6      | Reached skill level 6 in Axes
  5840 | D:6      | Found a radiant altar of Vehumet.
  5900 | D:6      | Found a sacrificial altar of Ru.
  5996 | D:6      | Reached skill level 5 in Fighting
  6294 | D:7      | Found a staircase to the Ecumenical Temple.
  6306 | Temple   | Entered the Ecumenical Temple
  6421 | Temple   | Became a worshipper of Gozag Ym Sagoz the Greedy
  6560 | D:7      | Noticed Menkaure
  6854 | D:7      | Reached XP level 9. HP: 68/68 MP: 9/9
  6917 | D:7      | HP: 1/68 [orc warrior/+0 hand axe (12)]
  6918 | D:7      | Reached skill level 5 in Dodging
  6937 | D:7      | HP: 3/68 [big kobold (2)]
  6948 | D:6      | HP: 3/68 [big kobold (3)]
  6949 | D:6      | Slain by a big kobold

Levels and vault maps discovered:
D:1:      sevenhm_arrival_forest_fort_small_4, layout_loops_corners
D:2:      layout_loops_ring, chequers_ecumenical_altar_lobes,
          minmay_stone_trees_small, uniq_sigmund, uniq_terence
D:3:      layout_basic
D:4:      minmay_recursive_quarters, layout_rooms,
          minmay_overflow_temple_star_quad, minmay_ruptured
D:5:      layout_loops_ring, first_ration, kennysheep_pointless_box,
          uniq_crazy_yiuf_cottage
D:6:      layout_cave_pools, vehumet_crystals, lemuel_coloured_pillars_altar
D:7:      layout_rooms, temple_green, enter_bailey_3, uniq_pikel, uniq_menkaure
Temple:   regret_index_temple_generic_petals

Skill      XL: |  1  2  3  4  5  6  7  8  9 |
---------------+----------------------------+-----
Throwing       | 2 3 4 5 |  5.0
Axes           | 3 4 5 6 |  6.7
Dodging        | 3 4 5 |  5.0
Fighting       | 3 4 5 |  5.5

Action                   |  1- 3 |  4- 6 |  7- 9 || total
-------------------------+-------+-------+-------++-------
Melee: War axe           |   121 |   100 |   336 ||   557
Throw: Throwing net      |     2 |     1 |     1 ||     4
Invok: Potion Petition   |       |       |     1 ||     1
  Use: Scroll            |     6 |       |       ||     6
Armor: Leather armour    |    32 |       |       ||    32
       Ring mail         |    10 |    49 |   139 ||   198
Dodge: Dodged            |    90 |    62 |   306 ||   458
